 Dungeon Crawl Stone Soup version 0.31.0-9-g3a7656b989 (webtiles) character file.

Game seed: 14219448729832227143

225 qw the Shooter (level 5, -1/26 HPs)
             Began as a Spriggan Hunter on Feb 2, 2024.
             Slain by an orc priest
             ... wielding a +0 club
              (3 damage)
             ... on level 4 of the Dungeon.
             The game lasted 00:00:07 (2534 turns).

qw the Shooter (Spriggan Hunter)                    Turns: 2534, Time: 00:00:07

Health: -1/26      AC:  2    Str: 19    XL:     5   Next: 68%
Magic:  6/6        EV: 20    Int: 11    God:
Gold:   283        SH:  0    Dex: 20    Spells: 4/4 levels left

rFire   . . .        a - +0 shortbow (drain)
rCold   . . .        (shield currently unavailable)
rNeg    . . .        c - +0 robe
rPois   .            (helmet restricted)
rElec   .            (no cloak)
rCorr   .            (gloves unavailable)
SInv    +            (boots unavailable)
Will    .....        (no amulet)
Stlth   ++           e - +6 ring of strength
HPRegen 0.24/turn    h - +6 ring of strength
MPRegen 0.10/turn

%: no passive effects
@: very quick
A: very small, no large weapons, unfitting armour, see invisible, speed 3
a: no special abilities


You were on level 4 of the Dungeon.
You visited 1 branch of the dungeon, and saw 4 of its levels.

You collected 283 gold pieces.


Innate Abilities, Weirdness & Mutations

You are very small and have problems with some larger weapons.
You are too small for most types of armour.
You have supernaturally acute eyesight. (SInv)
You cover ground extremely quickly. (Speed+++)


   Skills:
 - Level 2.0 Fighting
 - Level 6.0 Ranged Weapons
 + Level 5.1 Dodging
 - Level 1.5 Stealth


You had 4 spell levels left.
You didn't know any spells.
Your spell library was empty.

Inventory:

Hand Weapons
 a - a +0 shortbow of draining (weapon)
Armour
 c - a +0 robe (worn)
Jewellery
 e - a +6 ring of strength (left hand)
 h - a +6 ring of strength (right hand)
Potions
 f - 2 potions of enlightenment
 g - a potion of resistance {unknown}

Dungeon Overview and Level Annotations

Branches:
Dungeon (4/15)
 Temple: D:4-7

Altars:


Message History

You shoot an arrow. The arrow hits the orc priest!
The orc priest shouts!
The orc priest is severely wounded.
You hear a shout!
The orc priest looks encouraged for a moment.
You hear a shout!
You shoot an arrow. The arrow hits the orc priest.
The orc priest is severely wounded.
The orc priest calls down the wrath of Beogh upon you.
Beogh smites you!
You hear a shout!
2523 ||| FLEEEEING.
You start resting.
An orc priest is nearby!
You shoot an arrow.
The arrow hits the orc priest but does no damage.
You drain the orc priest.
The orc priest is severely wounded.
The orc priest invokes the aid of Beogh against you.
Beogh smites you!
Ouch! That really hurt!
You hear a shout!
You shoot an arrow. The arrow barely misses the orc priest.
You hear a shout!
You shoot an arrow.
The arrow closely misses the orc priest.
The orc priest looks satisfied for a moment.
You shoot an arrow.
The arrow completely misses the orc priest.
The orc priest mumbles some strange prayers to Beogh against you.
Pain shoots through your body!
You shoot an arrow. The arrow barely misses the orc priest.
A goblin comes into view.
It is wielding a +1 dagger of holy wrath.
The orc priest barely misses you.
You shoot an arrow.
The arrow closely misses the orc priest.
The arrow hits the goblin.
You kill the goblin!
The orc priest hits you with a +0 club.
You die...

###....##.#####..
+..............>.
###....##.#####..
#..#.##.#
#<###...# #.##
##.## #.# ##.# ##
##.## ##@## #o##
......)## o######


You could see an orc priest (very drained).

Vanquished Creatures
  A bombardier beetle (D:3)
  2 orc priests
  An orc wizard (D:3)
  3 adders (D:2)
  4 dart slugs
  3 ribbon worms
  8 orcs
  3 bats
  5 endoplasms
  5 giant cockroaches
  2 goblins
  4 hobgoblins
  2 kobolds
  4 quokkas
  2 ball pythons
  3 frilled lizards
  7 rats
59 creatures vanquished.

Notes
Turn   | Place    | Note
-------+----------+-------------------------------------------
     0 | D:1      | qw the Spriggan Hunter began the quest for the Orb.
     0 | D:1      | Reached XP level 1. HP: 10/10 MP: 2/2
     0 | D:1      | 0 ||| qw: Version: 0.3-a-155-g5e7d8dd
     0 | D:1      | 0 ||| qw: Game counter: 2676
     0 | D:1      | 0 ||| qw: Melee chars always use a shield: true
     0 | D:1      | 0 ||| qw: God list: Okawaru
     0 | D:1      | 0 ||| qw: Allow faded altars: false
     0 | D:1      | 0 ||| qw: Do Orc after clearing Dungeon:15 true
     0 | D:1      | 0 ||| qw: Do second Lair branch before Depths: true
     0 | D:1      | 0 ||| qw: Lair rune preference: random
     0 | D:1      | 0 ||| qw: Goals: Normal
     0 | D:1      | 0 ||| PLANNING D:1-11
    13 | D:1      | Reached skill level 3 in Dodging
   386 | D:1      | Reached XP level 2. HP: 14/14 MP: 3/3
   790 | D:1      | Reached XP level 3. HP: 18/18 MP: 4/4
   918 | D:1      | 918 ||| READING scroll labelled LEPUUTOICS.
   918 | D:1      | 918 ||| IDENTIFYING 2 smoky orange potions
   919 | D:1      | 919 ||| READING scroll labelled ALUPUA FUAMAO.
   920 | D:1      | 920 ||| DRINKING 3 glowing ruby potions.
   921 | D:1      | 921 ||| DROPPING scroll of butterflies.
   922 | D:1      | 922 ||| DROPPING 2 potions of degeneration.
  1178 | D:2      | Reached skill level 5 in Ranged Weapons
  1178 | D:2      | HP: 2/18 [orc priest/divine providence (13)]
  1185 | D:2      | Reached XP level 4. HP: 4/22 MP: 5/5
  1649 | D:2      | 1649 ||| READING scroll of identify.
  1649 | D:2      | 1649 ||| IDENTIFYING coppery potion
  1650 | D:2      | 1650 ||| READING scroll labelled ODADEY FIUTUMM.
  1650 | D:2      | 1650 ||| BRANDING +0 shortbow.
  1651 | D:2      | 1651 ||| READING scroll labelled MIB PEPEOLOY.
  1752 | D:2      | 1752 ||| DROPPING potion of attraction.
  1899 | D:3      | Reached XP level 5. HP: 26/26 MP: 6/6
  2161 | D:3      | HP: 6/26 [orc/+0 flail (5)]
  2162 | D:3      | Reached skill level 6 in Ranged Weapons
  2481 | D:3      | 2481 ||| UPGRADING to +6 ring of strength.
  2482 | D:3      | 2482 ||| UPGRADING to +6 ring of strength.
  2483 | D:3      | 2483 ||| READING scroll of identify.
  2483 | D:3      | 2483 ||| IDENTIFYING smoky cyan potion
  2484 | D:3      | 2484 ||| DROPPING potion of lignification.
  2523 | D:4      | 2523 ||| FLEEEEING.
  2529 | D:4      | HP: 4/26 [orc priest/divine providence (13)]
  2534 | D:4      | Slain by an orc priest

Levels and vault maps discovered:
D:1:      moated_graveyard_arrival, layout_basic, serial_rivers,
          chequers_serial_rivers_micro_c, chequers_serial_rivers_micro_b,
          chequers_serial_rivers_micro_d, chequers_serial_rivers_marsh,
          chequers_serial_rivers_room_a, chequers_serial_rivers_room_a,
          minmay_pentomino_u2
D:2:      cheibrodos_pilgrimage, layout_loops_ring
D:3:      layout_loops_cross, serial_park_tiny_2
D:4:      layout_loops_corners, mainiacjoe_overflow_catwalk, uniq_ijyb

Skill      XL: |  1  2  3  4  5 |
---------------+----------------+-----
Dodging        | 3 4 5 |  5.1
Ranged Weapons | 5 6 |  6.0
Fighting       | 2 |  2.0
Stealth        | |  1.5

Action                     |  1- 3 |  4- 6 || total
---------------------------+-------+-------++-------
   Fire: Shortbow          |   113 |    65 ||   178
    Use: Scroll            |     2 |     4 ||     6
         Potion            |     1 |       ||     1
 Armour: Robe              |     7 |     4 ||    11
  Dodge: Dodged            |    29 |     6 ||    35

Table legend:
 A = Non-vault XP
 B = Vault XP
 C = Vault XP percentage of total XP
 D = Non-vault monster count
 E = Vault monster count
 F = Vault count percentage of total count
                 A         B        C        D         E       F
            +---------+---------+-------+---------+---------+-------
      Total |     275 |      49 |  15.1 |      55 |       4 |   6.8
            +---------+---------+-------+---------+---------+-------
        D:1 |      40 |       2 |   4.8 |      19 |       1 |   5.0
        D:2 |      70 |      47 |  40.2 |      16 |       3 |  15.8
        D:3 |     163 |       0 |   0.0 |      19 |       0 |   0.0
        D:4 |       2 |       0 |   0.0 |       1 |       0 |   0.0
            +---------+---------+-------+---------+---------+-------
